 Dungeon Crawl Stone Soup version 0.29-a0-982-gaed3a0c8d8 (webtiles) character file.

Game seed: 16766388229944055795

9734 Snarg the Jinx (level 11, -3/53 HPs)
             Began as a Spriggan Arcane Marksman on July 29, 2022.
             Was a Priest of Wu Jian.
             Slain by a large abomination (32 damage)
             ... in a Gauntlet on Aug 2, 2022.
             The game lasted 01:36:21 (19449 turns).

Snarg the Jinx (Spriggan Arcane Marksman)          Turns: 19449, Time: 01:36:22

Health: -3/53      AC: 15    Str:  6    XL:     11   Next: 26%
Magic:  28/28      EV: 22    Int: 14    God:    Wu Jian [***...]
Gold:   1033       SH:  0    Dex: 27    Spells: 4/20 levels left

rFire   . . .      SeeInvis +   a - +2 dagger (protect)
rCold   . . .      Faith    .   (no shield)
rNeg    . . .      Spirit   .   P - +0 acid dragon scales
rPois   .          Reflect  .   L - +1 hat
rElec   .          Harm     .   A - +0 cloak
rCorr   +          Rampage  .   (gloves unavailable)
Will    +....      NoTele   +   (boots unavailable)
Stlth   ++++......              (no amulet)
HPRegen 0.17/turn               I - +6 ring of dexterity
MPRegen 0.21/turn               w - ring of magical power

@: under a protective aura, on berserk cooldown, hasted and slowed, very quick
A: very small, no large weapons, unfitting armour, see invisible, speed 3
a: Renounce Religion, Wall Jump, Serpent's Lash


You were in a Gauntlet.
You worshipped Wu Jian.
Wu Jian was most pleased with you.
You visited 2 branches of the dungeon, and saw 12 of its levels.
You also visited: Gauntlet.

You collected 1088 gold pieces.
You spent 55 gold pieces at shops.

Inventory:

Hand Weapons
 a - a +2 dagger of protection (weapon)
 b - a +1 shortbow of freezing
 f - a +0 whip of venom
 p - a +1 sling
 D - a +0 rapier
 F - a +3 dagger
 O - a +1 vampiric dagger
Missiles
 e - 93 stones
 l - 14 poisoned darts
Armour
 c - a +0 robe
 A - a +0 cloak (worn)
 L - a +1 hat (worn)
 P - +0 acid dragon scales (worn)
Jewellery
 m - a ring of resist corrosion
 n - a ring of poison resistance
 w - a ring of magical power (right hand)
 I - a +6 ring of dexterity (left hand)
 R - a ring of ice
Wands
 k - a wand of flame (21)
 q - a wand of roots (4)
 u - a wand of charming (8)
 y - a wand of polymorph (10)
Scrolls
 d - a scroll of vulnerability
 g - 2 scrolls of teleportation
 h - a scroll of summoning {unknown}
 x - a scroll of silence
 G - a scroll of butterflies
 J - a scroll of amnesia
 K - a scroll of blinking
 S - a scroll of fear
Potions
 o - a potion of mutation
 r - 2 potions of heal wounds
 s - 2 potions of might
 v - a potion of magic
 B - 4 potions of curing
 C - a potion of flight
 H - a potion of haste
 M - a potion of cancellation
Miscellaneous
 T - a phial of floods


   Skills:
 - Level 4.1 Fighting
 * Level 7.2 Short Blades
 - Level 9.0 Ranged Weapons
 - Level 2.0 Throwing
 + Level 1.0 Armour
 * Level 7.5 Dodging
 - Level 9.0 Stealth
 - Level 5.0 Spellcasting
 - Level 3.0 Conjurations
 + Level 12.1 Hexes
 + Level 3.0 Translocations
 - Level 3.0 Evocations


You had 4 spell levels left.
You knew the following spells:

 Your Spells              Type           Power      Damage    Failure   Level
a - Slow                  Hex            100%       N/A       1%          1
b - Dazzling Flash        Conj/Hex       48%        N/A       4%          3
c - Cause Fear            Hex            18%        N/A       2%          4
d - Portal Projectile     Hex/Tloc       48%        N/A       4%          3
e - Apportation           Tloc           22%        N/A       10%         1
f - Fulminant Prism       Conj/Hex       12%        3d9       16%         4

Your spell library contained the following spells:

 Spells                   Type           Power      Damage    Failure   Level
 Tukima's Dance           Hex            37%        N/A       1%          3
 Inner Flame              Hex/Fire       20%        N/A       9%          3
 Magic Dart               Conj           44%        1d5       10%         1
 Searing Ray              Conj           22%        2d5       16%         2
 Leda's Liquefaction      Hex/Erth       10%        N/A       28%         4
 Necrotise                Necr           12%        1d4       34%         1
 Sandblast                Erth           6%         2d5       34%         1
 Summon Small Mammal      Summ           12%        N/A       34%         1
 Passwall                 Tmut/Erth      2%         N/A       45%         2
 Stone Arrow              Conj/Erth      14%        3d7       50%         3
 Passage of Golubria      Tloc           11%        N/A       69%         4
 Call Canine Familiar     Summ           3%         N/A       71%         3
 Ozocubu's Armour         Ice            3%         N/A       71%         3
 Airstrike                Air            1%         0-2+      98%         4
 Summon Lightning Spire   Summ/Air       3%         N/A       98%         4
 Silence                  Hex/Air        10%        N/A       63%         5
 Yara's Violent Unravell  Hex/Tmut       10%        3d6       63%         5
 Lightning Bolt           Conj/Air       3%         1d15      99%         5
 Agony                    Necr           3%         N/A       100%        5
 Ozocubu's Refrigeration  Ice            1%         4d7       100%        7


Dungeon Overview and Level Annotations

Branches:
Dungeon (11/15)            Temple (1/1) D:4            Lair (0/5) D:9
    Orc (0/2) D:9         Gauntlet (1/1)

Altars:
Ashenzari
Cheibriados
Dithmenos
Elyvilon
Fedhas
Gozag
Hepliaklqana
Kikubaaqudgha
Makhleb
Nemelex Xobeh
Okawaru
Qazlal
Ru
Sif Muna
Trog
Uskayaw
Vehumet
Wu Jian
Xom
Yredelemnul
Zin
The Shining One

Shops:
D:5 ?

Annotations:
D:1 clr
D:2 clr
D:3 clr
D:4 clr
D:5 clr
D:6 clr
D:7 clr
D:8 clr
D:9 clr
D:10 art fdagger in vautl, xl13?, exclusions: two-headed ogre and vampire mosquito Gauntlet 3 transporters, 10 runed translucent doors


Innate Abilities, Weirdness & Mutations

You are very small and have problems with some larger weapons.
You are too small for most types of armour.
You have supernaturally acute eyesight. (SInv)
You cover ground extremely quickly. (Speed+++)


Message History

You feel a strong urge to attack something.
You are too berserk!
You feel your anger nearly subside.
You are no longer berserk.
You are exhausted.
You feel yourself slow down.
Unknown command.
Unknown command.
You feel much better.
You spin and attack the small abomination.
You hit the small abomination.
The small abomination is heavily damaged.
The small abomination completely misses you.
Unknown command.
Unknown command.
Unknown command.
You feel yourself speed up.
The small abomination completely misses you.
You hit the small abomination.
The small abomination is severely damaged.
Aiming: Wall Jump
Press: ? - help, Dir - move target You repeatedly attack the small abomination from above.
You puncture the small abomination!
The small abomination is almost destroyed.
You barely miss the small abomination.
The small abomination is almost destroyed.
You repeatedly attack the large abomination from above.
You hit the large abomination but do no damage.
The large abomination is lightly damaged.
You hit the large abomination.
The large abomination is moderately damaged.
You repeatedly attack the large abomination from above.
You hit the large abomination but do no damage.
The large abomination is severely damaged.
You hit the large abomination but do no damage.
The large abomination is severely damaged.
The small abomination barely misses you.
The large abomination hits you!!
Ouch! That really hurt!
You die...

≈.©##.#©# #..##.^.#.
≈..###.###
######..#ww....
##≈#§#≈..#########.
##......∩............
#≈.∩.................
##..###########..####
#≈..#.x@X.....#..#..+
##..#.X°○.....#..#..+
#≈..#.........#..#++#
##§.#........?####..+
#§§§#....©...©#©©#©.#
##..#.........####..+
#≈..#........[#..#++#
##.§#.........#..#..+
#§..#.........#..#..+


You could see 2 large abominations, 2 swamp worms and a small abomination.

Vanquished Creatures
  A two-headed ogre (D:10)
  3 kobold demonologists (D:11)
  Maggie (D:7)
  A hornet (D:6)
  Prince Ribbit (D:5)
  A shadow (D:10)
  8 yaks
  A vampire (D:10)
  2 wyverns (D:9)
  The ghost of gelatine the Chopper, an amateur DsGl (D:3)
  2 acid dragons
  An orc warrior (D:10)
  2 ice beasts
  3 sky beasts
  3 black bears
  2 ogres (D:6)
  7 centaurs
  4 bullfrogs
  7 scorpions
  Blork the orc (D:6)
  A necrophage (D:5)
  3 gnoll sergeants
  3 small abominations (Gauntlet)
  4 wights (D:7)
  14 killer bees
  2 howler monkeys
  3 quasits (D:3)
  10 orc priests
  7 hounds
  3 jellies
  5 iguanas (D:6)
  7 orc wizards
  16 gnolls
  4 adders
  A shadow imp (D:6)
  5 white imps
  A worm (D:2)
  2 dart slugs (D:1)
  33 orcs
  9 bats
  4 endoplasms
  2 giant cockroaches
  4 goblins
  9 hobgoblins
  2 jackals (D:5)
  12 kobolds
  4 quokkas
  7 ball pythons
  3 frilled lizards
  7 rats
239 creatures vanquished.

Vanquished Creatures (others)
  4 fulminant prisms (D:10)
4 creatures vanquished.

Grand Total: 243 creatures vanquished

Notes
Turn   | Place    | Note
-------+----------+-------------------------------------------
     0 | D:1      | Snarg the Spriggan Arcane Marksman began the quest for the
                  | Orb.
     0 | D:1      | Reached XP level 1. HP: 9/9 MP: 3/3
   259 | D:1      | Reached XP level 2. HP: 14/14 MP: 5/5
   267 | D:1      | Reached skill level 4 in Hexes
   615 | D:1      | Reached skill level 1 in Stealth
   805 | D:1      | Reached skill level 1 in Fighting
  1132 | D:2      | Reached XP level 3. HP: 18/18 MP: 6/6
  1844 | D:2      | Identified the +1 kite shield "Homipt" {+Blink Will- Int+5}
  2623 | D:3      | Reached XP level 4. HP: 22/22 MP: 7/7
  2774 | D:3      | Learned a level 3 spell: Dazzling Flash
  2806 | D:3      | Noticed gelatine's ghost (amateur DsGl)
  2814 | D:3      | Found a transporter.
  3144 | D:3      | Found a transporter.
  3154 | D:3      | Found a white marble altar of Elyvilon.
  3493 | D:3      | Found a broken altar of Ashenzari.
  4108 | D:4      | Reached skill level 1 in Short Blades
  4386 | D:4      | Found a staircase to the Ecumenical Temple.
  4396 | Temple   | Entered the Ecumenical Temple
  4489 | Temple   | Became a worshipper of the Wu Jian Council
  4589 | D:4      | Reached XP level 5. HP: 25/25 MP: 8/8
  4763 | D:4      | Found a sparkling altar of Nemelex Xobeh.
  5181 | D:5      | Entered Level 5 of the Dungeon
  5181 | D:5      | Noticed a black bear
  5199 | D:4      | Reached skill level 1 in Conjurations
  5289 | D:5      | Noticed a centaur
  5289 | D:5      | Found Orchota's Magic Scroll Shop.
  5726 | D:4      | Reached skill level 5 in Hexes
  5772 | D:5      | Reached XP level 6. HP: 30/30 MP: 10/10
  5965 | D:5      | Found a shadowy altar of Dithmenos.
  6384 | D:5      | Noticed an ice beast
  6456 | D:5      | Reached skill level 1 in Throwing
  6456 | D:5      | Reached skill level 6 in Hexes
  6500 | D:5      | Killed an ice beast
  6501 | D:5      | Reached XP level 7. HP: 15/33 MP: 11/11
  7127 | D:4      | Learned a level 4 spell: Cause Fear
  7788 | D:5      | Found a sacrificial altar of Ru.
  7838 | D:5      | Noticed Prince Ribbit
  7954 | D:5      | Upgraded the game from 0.29-a0-925-g0a7a3d12f8 to
                  | 0.29-a0-962-gc8bbfd0a37
  8046 | D:5      | Bought a scroll of teleportation for 33 gold pieces
  8046 | D:5      | Bought a scroll of identify for 22 gold pieces
  8047 | D:5      | Reached skill level 5 in Short Blades
  8047 | D:5      | Reached skill level 10 in Hexes
  8047 | D:5      | Reached XP level 8. HP: 42/42 MP: 12/12
  8333 | D:6      | Learned a level 3 spell: Portal Projectile
  8434 | D:6      | Reached skill level 1 in Translocations
  8444 | D:6      | Found a shimmering altar of Xom.
  8616 | D:6      | Reached * piety under Wu Jian
  9388 | D:6      | Noticed Blork the orc
  9390 | D:6      | Killed Blork the orc
  9526 | D:6      | Reached XP level 9. HP: 37/45 MP: 13/13
 10550 | D:6      | Upgraded the game from 0.29-a0-962-gc8bbfd0a37 to
                  | 0.29-a0-973-gac7da5f7f0
 11146 | D:6      | Upgraded the game from 0.29-a0-973-gac7da5f7f0 to
                  | 0.29-a0-982-gaed3a0c8d8
 12011 | D:7      | Reached ** piety under Wu Jian
 12535 | D:7      | Noticed Maggie
 13197 | D:7      | Reached XP level 10. HP: 23/49 MP: 15/15
 13413 | D:7      | Learned a level 1 spell: Apportation
 13497 | D:7      | Killed Maggie
 14061 | D:8      | Found an ancient bone altar of Kikubaaqudgha.
 14693 | D:8      | Found a shimmering blue altar of Sif Muna.
 15155 | D:3      | Killed gelatine's ghost
 15415 | D:5      | Killed Prince Ribbit
 16290 | D:9      | Found a staircase to the Lair.
 16319 | D:9      | Reached skill level 1 in Evocations
 16492 | D:9      | Reached skill level 1 in Armour
 16668 | D:9      | Found a staircase to the Orcish Mines.
 16707 | D:9      | Reached *** piety under Wu Jian
 16708 | D:9      | Reached skill level 11 in Hexes
 17159 | D:9      | Found a blossoming altar of Fedhas.
 17164 | D:9      | Found a bloodstained altar of Trog.
 17167 | D:9      | Found a glowing golden altar of the Shining One.
 17516 | D:9      | Learned a level 4 spell: Fulminant Prism
 17740 | D:9      | Found a hazy altar of Hepliaklqana.
 17781 | D:10     | Entered Level 10 of the Dungeon
 18834 | D:10     | Reached XP level 11. HP: 53/53 MP: 14/19
 18855 | D:10     | Reached skill level 5 in Spellcasting
 19052 | D:10     | Noticed a two-headed ogre
 19068 | D:10     | Killed a two-headed ogre
 19127 | D:10     | Noticed a boulder beetle
 19127 | D:10     | Noticed a centaur warrior
 19127 | D:10     | Noticed a two-headed ogre
 19309 | D:11     | Reached skill level 12 in Hexes
 19376 | D:11     | Found a gate leading to a gauntlet.
 19389 | Gauntlet | Entered a Gauntlet
 19389 | Gauntlet | Found a transporter.
 19389 | Gauntlet | Found a transporter.
 19389 | Gauntlet | Found a transporter.
 19410 | Gauntlet | Found a transporter.
 19426 | Gauntlet | Found a large runed translucent door.
 19426 | Gauntlet | Found a large runed translucent door.
 19427 | Gauntlet | Found a large runed translucent door.
 19427 | Gauntlet | Found a large runed translucent door.
 19435 | Gauntlet | Found a runed translucent door.
 19435 | Gauntlet | Found a runed translucent door.
 19435 | Gauntlet | Found a large runed translucent door.
 19435 | Gauntlet | Found a large runed translucent door.
 19435 | Gauntlet | Found a large runed translucent door.
 19435 | Gauntlet | Found a large runed translucent door.
 19449 | Gauntlet | Slain by a large abomination

Illustrated notes

Levels and vault maps discovered:
D:1:      spicycebolla_arrival_clurvy, layout_basic, minmay_pentomino_r4
D:2:      layout_loops_ring, hangedman_glass_teeth
D:3:      layout_basic, gammafunk_temple_overflow_pools,
          gammafunk_ghost_stat_death, st_stairs_1
D:4:      layout_basic, lemuel_crystal_altar, temple_fountains
D:5:      layout_loops_ring, general_overflow_altar, grunt_dithmenos_smoke,
          serial_shops, nicolae_stop_n_shop_1, uniq_prince_ribbit1
D:6:      minmay_polygon_palace, layout_loops_corners, amcnicky_altar_gilded,
          dk_noncrumbling_2, uniq_blork_the_orc
D:7:      layout_layer_cave, uniq_maggie
D:8:      layout_cave_pods, old_standard_altar, marbit_many_paths
D:9:      layout_rooms, minmay_overflow_temple_star_quad, lemuel_tele_altar,
          minmay_orc_entry_temple_small
D:10:     layout_rooms, minivault_26, wad_scary_box
D:11:     layout_roguey [special_room_bee], gauntlet_entry_generic
Temple:   zaba_magenta_temple
Gauntlet: minmay_gauntlet_mixed_big_or_small [gammafunk_gauntlet_arena_open,
          minmay_gauntlet_arena_77_broken_ladder,
          minmay_gauntlet_arena_make_your_own_arena,
          minmay_gauntlet_arena_77_chump_sandwich,
          gammafunk_gauntlet_arena_grid, minmay_gauntlet_arena_77_block_sizes,
          gauntlet_exit_watery]

Skill      XL: |  1  2  3  4  5  6  7  8  9 10 11 |
---------------+----------------------------------+-----
Hexes          | 4 5 6 10 11 12 | 12.1
Stealth        | 1 2 3 7 8 9 |  9.0
Fighting       | 1 3 4 |  4.1
Dodging        | 3 6 7 |  7.5
Ranged Weapons | 3 7 8 9 |  9.0
Short Blades   | 1 2 5 6 7 |  7.2
Spellcasting   | 2 3 4 5 |  5.0
Conjurations   | 1 2 3 |  3.0
Throwing       | 1 2 |  2.0
Translocations | 2 3 |  3.0
Evocations     | 3 |  3.0
Armour         | 1 |  1.0

Action                   |  1- 3 |  4- 6 |  7- 9 | 10-12 || total
-------------------------+-------+-------+-------+-------++-------
Melee: Short sword       |   108 |    12 |       |       ||   120
       Dagger            |       |   123 |   311 |   425 ||   859
       Whip              |       |     6 |       |       ||     6
       Punch             |       |     3 |     4 |     6 ||    13
 Fire: Sling             |    66 |   107 |   195 |       ||   368
       Shortbow          |       |       |       |   131 ||   131
Throw: Dart              |     1 |    10 |     8 |     1 ||    20
 Cast: Slow              |    35 |    43 |    70 |    39 ||   187
       Dazzling Flash    |       |       |    10 |    27 ||    37
       Cause Fear        |       |       |     5 |       ||     5
       Portal Projectile |       |       |     2 |     1 ||     3
       Fulminant Prism   |       |       |       |     4 ||     4
Invok: Lunge             |       |     3 |    15 |    14 ||    32
       Whirlwind         |       |       |    24 |    33 ||    57
 Abil: Wall Jump         |       |       |       |    10 ||    10
Evoke: Wand              |       |       |       |     3 ||     3
  Use: Potion            |     1 |       |     5 |     4 ||    10
       Scroll            |       |       |    17 |     4 ||    21
 Stab: Sleeping          |     4 |     2 |     3 |     9 ||    18
       Invisible         |     1 |       |     4 |    22 ||    27
       Distracted        |       |       |       |     1 ||     1
Armor: Robe              |    11 |     9 |    17 |    46 ||    83
       Skin              |       |       |    14 |       ||    14
       Acid dragon scale |       |       |       |     3 ||     3
Dodge: Dodged            |    85 |   112 |   221 |   347 ||   765

Table legend: (Time is in decaauts)
 A = Elapsed time spent in this place.
 B = Non-inter-level travel time spent in this place.
 C = Inter-level travel time spent in this place.
 D = Time resting spent in this place.
 E = Time spent auto-exploring this place.
 F = Levels seen in this place.
 G = Mean time per level.
                   A        B        C        D        E       F      G
               +--------+--------+--------+--------+--------+-----+--------+
         Total |  15256 |  13988 |   1268 |   4822 |   6171 |  13 | 1173.5 |
       Dungeon |  15145 |  13907 |   1238 |   4822 |   6141 |  11 | 1376.8 |
        Temple |     66 |     36 |     30 |      0 |     30 |   1 |   66.0 |
      Gauntlet |     44 |     44 |      0 |      0 |      0 |   1 |   44.0 |
               +--------+--------+--------+--------+--------+-----+--------+

Top non-repeatable levels by time:
     D:6: 2751 daAuts
     D:4: 2180 daAuts
     D:9: 1819 daAuts
     D:5: 1761 daAuts
     D:7: 1705 daAuts
     D:2: 1291 daAuts
     D:3: 1008 daAuts
    D:10: 920 daAuts
     D:8: 816 daAuts
     D:1: 815 daAuts
    D:11: 75 daAuts
  Temple: 66 daAuts
Gauntlet: 44 daAuts
